 Dungeon Crawl Stone Soup version 0.31-a0-1469-gd420192249 (webtiles) character file.

Game seed: 11907686090919448784

1507 jlumianski the Ruffian (level 8, 0/61 HPs)
             Began as a Gnoll Shapeshifter on Dec 29, 2023.
             Was a Follower of Wu Jian.
             Frozen to death by Stellion's ghost (6 damage)
             ... on level 4 of the Dungeon.
             The game lasted 00:17:54 (4813 turns).

jlumianski the Ruffian (Gnoll Shapeshifter)         Turns: 4813, Time: 00:17:55

Health: 0/61       AC:  7    Str: 15    XL:     8   Next: 82%
Magic:  13/13      EV: 11    Int: 11    God:    Wu Jian [*.....]
Gold:   241        SH:  5    Dex: 11    Spells: 14/14 levels left

rFire   . . .        m - +0 war axe (elec)
rCold   . . .        (no shield)
rNeg    . . .        G - +0 scale mail
rPois   .            (helmet currently unavailable)
rElec   .            (cloak currently unavailable)
rCorr   .            (gloves currently unavailable)
SInv    .            (boots currently unavailable)
Will    .....        i - amulet of reflection
Stlth   +            (no ring)
HPRegen 0.30/turn    (no ring)
MPRegen 0.13/turn

%: reflection
@: beast-form, studying 2 skills
A: beast (slay +4), fangs 1, strong nose, distributed training
a: Begin Untransformation, Renounce Religion


You were on level 4 of the Dungeon.
You worshipped Wu Jian.
Wu Jian was aware of your devotion.
You were a hulking beast.
You visited 1 branch of the dungeon, and saw 6 of its levels.

You collected 241 gold pieces.

Inventory:

Hand Weapons
 m - a +0 war axe of electrocution (weapon)
Missiles
 j - 4 poisoned darts (quivered)
 n - 5 boomerangs
 p - 2 throwing nets
 F - 4 atropa-tipped darts
Armour
 a - a +0 animal skin
 e - a +0 ring mail
 r - an orb of light
 u - a +0 cloak
 G - a +0 scale mail (worn)
Magical Staves
 l - a staff of fire
Jewellery
 i - an amulet of reflection (around neck)
 x - a ring of ice
Talismans
 c - a beast talisman
 d - a flux talisman
 s - a granite talisman
Wands
 v - a wand of light (5)
 A - a wand of charming (8)
 D - a wand of polymorph (4)
Scrolls
 g - 2 scrolls of fear
 k - 2 scrolls of teleportation
 t - a scroll of silence {unknown}
 w - a scroll of enchant armour {unknown}
 y - a scroll of blinking {unknown}
 C - 2 scrolls of fog {unknown}
 E - a scroll of amnesia {unknown}
Potions
 b - a potion of lignification
 f - a potion of brilliance
 h - 2 potions of attraction {unknown}
 o - a potion of berserk rage
 q - 2 potions of heal wounds {unknown}
 z - 3 potions of curing
 B - a potion of might {unknown}


   Skills:
 + Level 4.6 Fighting
 + Level 3.7 Short Blades
 + Level 3.7 Long Blades
 + Level 3.7 Axes
 + Level 3.7 Maces & Flails
 + Level 3.7 Polearms
 + Level 3.7 Staves
 + Level 4.8 Ranged Weapons
 + Level 3.7 Throwing
 + Level 3.7 Armour
 + Level 6.0 Dodging
 + Level 3.7 Stealth
 + Level 4.2 Shields
 + Level 7.6 Unarmed Combat
 + Level 3.7 Spellcasting
 + Level 3.1 Conjurations
 + Level 3.1 Hexes
 + Level 3.1 Summonings
 + Level 3.1 Necromancy
 + Level 3.1 Translocations
 + Level 3.1 Fire Magic
 + Level 3.1 Ice Magic
 + Level 3.1 Air Magic
 + Level 3.1 Earth Magic
 + Level 3.1 Alchemy
 + Level 4.1 Invocations
 + Level 3.7 Evocations
 + Level 7.4 Shapeshifting


You had 14 spell levels left.
You didn't know any spells.
Your spell library contained the following spells:

 Spells                   Type           Power      Damage    Failure   Level
 Sandblast                Erth           16%        2d6       26%         1
 Cigotuvi's Dreadful Rot  Necr/Alch/Air  16%        N/A       36%         2
 Passwall                 Erth           8%         N/A       58%         3
 Stone Arrow              Conj/Erth      16%        3d8       58%         3
 Brom's Barrelling Bould  Conj/Erth      8%         2d3       94%         4
 Ignite Poison            Fire/Alch      8%         N/A       94%         4
 Fireball                 Conj/Fire      4%         3d4       100%        5
 Freezing Cloud           Conj/Ice/Air   4%         6-21      100%        5
 Iskenderun's Battlesphe  Conj           8%         2d6       100%        5
 Conjure Ball Lightning   Conj/Air       4%         3x3d6     100%        6
 Orb of Destruction       Conj           4%         9d5       100%        7


Dungeon Overview and Level Annotations

Branches:
Dungeon (6/15)
 Temple: D:4-7

Altars:
Wu Jian

Shops:
D:1 :   D:3 =   D:5 (

Annotations:
D:4 Stellion's ghost, novice MfIE
D:5 1 runed translucent door


Innate Abilities, Weirdness & Mutations

You are a hulking beast.
Your limbs bulge with bestial killing power. (Slay +4)
You have very sharp teeth.
Your uncanny sense of smell can sniff out nearby items.
Your experience applies equally to all skills.


Message History

You hit Stellion's ghost.
Stellion's ghost is moderately damaged.
Stellion's ghost hits you.
You barely miss Stellion's ghost.
Stellion's ghost is moderately damaged.
Stellion's ghost freezes you.
You are frozen!
You hit Stellion's ghost.
Stellion's ghost is moderately damaged.
Stellion's ghost hits you. Stellion's ghost freezes you.
You are frozen!
You barely miss Stellion's ghost.
You bite Stellion's ghost, but do no damage.
Stellion's ghost is moderately damaged.
Stellion's ghost whispers, "They're coming for you..."
You block Stellion's ghost's attack.
You barely miss Stellion's ghost.
Stellion's ghost is moderately damaged.
Stellion's ghost hits you but does no damage.
You closely miss Stellion's ghost. Your punch misses Stellion's ghost.
Stellion's ghost is moderately damaged.
Stellion's ghost hits you but does no damage.
Stellion's ghost freezes you.
You are frozen.
You closely miss Stellion's ghost.
Stellion's ghost is moderately damaged.
Stellion's ghost whispers, "There is no future for you."
Stellion's ghost misses you.
You slash Stellion's ghost!
Stellion's ghost is heavily damaged.
Stellion's ghost freezes you.
You are frozen!
* * * LOW HITPOINT WARNING * * *
You miss Stellion's ghost. Your bite misses Stellion's ghost.
Stellion's ghost is heavily damaged.
Stellion's ghost closely misses you. Stellion's ghost freezes you.
You are frozen.
You die...

############...#..#8...8#).#..###
#..............#!.##...##..#.....
#.###.......#..#...........#..###
#.# #..........#©...$$.....#.....
#.# #.......#..#############..###
#.# ####'####........©...........
#.# #.# #...Z..............#. #.#
#.# ####W###########.#### #.#
#.#######h# #..... #.#
#.........## ###### #.#
#####......# #.##########......#
#.................#
############......# #.###### #.#
#.#


You could see Stellion's ghost and a centaur zombie.

Vanquished Creatures
  The ghost of BigPumpCobain the Ruffian, an amateur TrSh (D:4)
  Sigmund (D:3)
  A water moccasin (D:5)
  2 sky beasts
  2 ice beasts (D:5)
  A black bear (D:6)
  An ogre (D:4)
  A hornet zombie (D:4)
  2 hounds
  A gnoll bouda (D:4)
  A bullfrog skeleton (D:4)
  3 iguanas
  A sleepcap (D:5)
  4 gnolls (D:4)
  6 adders
  A white imp (D:5)
  5 dart slugs
  2 orcs (D:4)
  8 endoplasms
  3 giant cockroaches
  10 goblins
  7 hobgoblins
  6 jackals
  3 kobolds (D:2)
  A quokka (D:4)
  2 training dummies (D:6)
  4 ball pythons
  4 bats
  A frilled lizard (D:1)
  7 rats
92 creatures vanquished.

Notes
Turn   | Place    | Note
-------+----------+-------------------------------------------
     0 | D:1      | jlumianski the Gnoll Shapeshifter began the quest for the
                  | Orb.
     0 | D:1      | Reached XP level 1. HP: 17/17 MP: 1/1
   139 | D:1      | Found Paojygug's Book Shoppe.
   200 | D:1      | Reached XP level 2. HP: 23/23 MP: 2/2
   303 | D:2      | Reached XP level 3. HP: 22/28 MP: 3/3
   383 | D:1      | Found a faded altar of an unknown god.
   540 | D:1      | Reached skill level 1 in Invocations
   714 | D:2      | Reached skill level 1 in Short Blades
   714 | D:2      | Reached skill level 1 in Long Blades
   714 | D:2      | Reached skill level 1 in Axes
   714 | D:2      | Reached skill level 1 in Maces & Flails
   714 | D:2      | Reached skill level 1 in Polearms
   714 | D:2      | Reached skill level 1 in Staves
   714 | D:2      | Reached skill level 1 in Ranged Weapons
   714 | D:2      | Reached skill level 1 in Throwing
   714 | D:2      | Reached skill level 1 in Armour
   714 | D:2      | Reached skill level 1 in Stealth
   714 | D:2      | Reached skill level 1 in Shields
   714 | D:2      | Reached skill level 1 in Spellcasting
   714 | D:2      | Reached skill level 1 in Evocations
   978 | D:2      | Reached XP level 4. HP: 34/34 MP: 5/5
  1599 | D:3      | Noticed Sigmund
  1652 | D:3      | Killed Sigmund
  1653 | D:3      | Reached skill level 1 in Conjurations
  1653 | D:3      | Reached skill level 1 in Hexes
  1653 | D:3      | Reached skill level 1 in Summonings
  1653 | D:3      | Reached skill level 1 in Necromancy
  1653 | D:3      | Reached skill level 1 in Translocations
  1653 | D:3      | Reached skill level 1 in Fire Magic
  1653 | D:3      | Reached skill level 1 in Ice Magic
  1653 | D:3      | Reached skill level 1 in Air Magic
  1653 | D:3      | Reached skill level 1 in Earth Magic
  1653 | D:3      | Reached skill level 1 in Alchemy
  1653 | D:3      | Reached XP level 5. HP: 38/41 MP: 5/7
  1653 | D:3      | Reached XP level 6. HP: 43/47 MP: 5/8
  1792 | D:3      | Found Iptibb's Jewellery Shoppe.
  2225 | D:4      | Found an ornate altar of the Wu Jian Council.
  2231 | D:4      | Noticed a spectral centipede
  2231 | D:4      | Noticed a spectral black mamba
  2231 | D:4      | Noticed a spectral cane toad
  2232 | D:4      | Became a worshipper of the Wu Jian Council
  2342 | D:5      | Entered Level 5 of the Dungeon
  2353 | D:5      | Found a runed translucent door.
  2374 | D:5      | Noticed BigPumpCobain's ghost (amateur TrSh)
  2382 | D:5      | Reached skill level 5 in Dodging
  2618 | D:5      | Found Zaecwagh's Weapon Boutique.
  2637 | D:5      | Noticed a water moccasin
  2649 | D:5      | Killed a water moccasin
  2784 | D:4      | Reached XP level 7. HP: 52/52 MP: 10/10
  3079 | D:4      | Found a transporter.
  3139 | D:4      | Found a transporter.
  3141 | D:4      | Noticed Stellion's ghost (novice MfIE)
  3637 | D:4      | You fall into a shaft and drop 1 floor!
  3758 | D:6      | Reached * piety under Wu Jian
  3777 | D:6      | Reached XP level 8. HP: 57/60 MP: 12/12
  4267 | D:5      | Found a runed translucent door.
  4327 | D:4      | Killed BigPumpCobain's ghost
  4813 | D:4      | Frozen to death by Stellion's ghost

Illustrated notes

Levels and vault maps discovered:
D:1:      amcnicky_arrival_blooded_trapdoor, layout_rooms,
          dreamdust_ecumenical_altar_statues, serial_shops,
          nicolae_shop_tiny_glass, minmay_misc_feat_diagonals,
          corexii_hall_statues_l, nrook_uturn
D:2:      layout_basic
D:3:      layout_basic, serial_shops, nicolae_shop_gaudy_bauble, uniq_sigmund
D:4:      layout_basic, pdpol_wu_jian_five_deadly_venoms,
          gammafunk_ghost_mausoleum
D:5:      lemuel_ratsnest, layout_loops_cross, ebering_ghost_sewer_f,
          serial_shops, nicolae_shop_rolling_square, nicolae_shop_vocational
D:6:      dreamdust_elfheim, layout_rooms, temple_hall, gammafunk_ghost_grave,
          kb_lookout_dungeons_type

Skill      XL: |  1  2  3  4  5  6  7  8 |
---------------+-------------------------+-----
Invocations    | 1 2 3 4 |  4.1
Short Blades   | 1 2 3 |  3.7
Long Blades    | 1 2 3 |  3.7
Axes           | 1 2 3 |  3.7
Maces & Flails | 1 2 3 |  3.7
Polearms       | 1 2 3 |  3.7
Staves         | 1 2 3 |  3.7
Ranged Weapons | 1 2 3 4 |  4.8
Throwing       | 1 2 3 |  3.7
Armour         | 1 2 3 |  3.7
Stealth        | 1 2 3 |  3.7
Shields        | 1 2 3 4 |  4.2
Spellcasting   | 1 2 3 |  3.7
Evocations     | 1 2 3 |  3.7
Fighting       | 3 4 |  4.6
Conjurations   | 1 2 3 |  3.1
Hexes          | 1 2 3 |  3.1
Summonings     | 1 2 3 |  3.1
Necromancy     | 1 2 3 |  3.1
Translocations | 1 2 3 |  3.1
Fire Magic     | 1 2 3 |  3.1
Ice Magic      | 1 2 3 |  3.1
Air Magic      | 1 2 3 |  3.1
Earth Magic    | 1 2 3 |  3.1
Alchemy        | 1 2 3 |  3.1
Dodging        | 5 6 |  6.0
Unarmed Combat | 7 |  7.6
Shapeshifting  | 7 |  7.4

Action                     |  1- 3 |  4- 6 |  7- 9 || total
---------------------------+-------+-------+-------++-------
  Melee: Unarmed           |    35 |       |       ||    35
         Bite              |     5 |     6 |    13 ||    24
         War axe           |    29 |    66 |   104 ||   199
         Punch             |       |     3 |     5 ||     8
  Throw: Dart              |       |       |     1 ||     1
Ability: Lunge             |       |     2 |    10 ||    12
         Whirlwind         |       |       |     4 ||     4
    Use: Scroll            |       |     4 |     1 ||     5
         Potion            |       |     1 |       ||     1
   Stab: Sleeping          |       |       |     2 ||     2
 Armour: Ring mail         |    27 |    32 |    35 ||    94
         Scale mail        |       |       |    44 ||    44
  Dodge: Dodged            |    36 |    40 |    63 ||   139
  Block: Other             |    12 |    22 |    25 ||    59
         Reflection        |     1 |       |     1 ||     2

Table legend: (Time is in decaauts)
 A = Elapsed time spent in this place.
 B = Non-inter-level travel time spent in this place.
 C = Inter-level travel time spent in this place.
 D = Time resting spent in this place.
 E = Time spent auto-exploring this place.
 F = Levels seen in this place.
 G = Mean time per level.
                   A        B        C        D        E       F      G
               +--------+--------+--------+--------+--------+-----+--------+
         Total |   4890 |   4721 |    169 |    565 |   2156 |   6 |  815.0 |
       Dungeon |   4890 |   4721 |    169 |    565 |   2156 |   6 |  815.0 |
               +--------+--------+--------+--------+--------+-----+--------+

Top non-repeatable levels by time:
     D:4: 2016 daAuts
     D:2: 871 daAuts
     D:3: 731 daAuts
     D:1: 592 daAuts
     D:5: 510 daAuts
     D:6: 168 daAuts
